 Dungeon Crawl Stone Soup version 0.32-a0-630-g46d191b0ed (webtiles) character file.

Game seed: 12995069556052838325

373 Dittersdorf the Shield-Bearer (level 6, -5/40 HPs)
             Began as a Gargoyle Fighter on Mar 6, 2024.
             Killed by divine providence
             ... invoked by an orc priest
              (12 damage)
             ... on level 4 of the Dungeon.
             The game lasted 00:04:37 (3032 turns).

Dittersdorf the Shield-Bearer (Gargoyle Fighter)    Turns: 3032, Time: 00:04:38

Health: -5/40      AC: 12    Str: 22    XL:     6   Next: 71%
Magic:  6/6        EV:  9    Int:  8    God:
Gold:   116        SH:  9    Dex:  9    Spells: 5/5 levels left

rFire   . . .        a - +0 flail (vamp)
rCold   . . .        c - +0 buckler
rNeg    + . .        b - +0 scale mail
rPois   ∞            (no helmet)
rElec   +            f - +0 cloak
rCorr   .            (no gloves)
SInv    .            (no boots)
Will    .....        j - amulet of reflection Stlth
                     (no ring)
HPRegen 0.26/turn    (no ring)
MPRegen 0.10/turn

%: reflection
@: no status effects
A: sickness immunity, AC +4, negative energy resistance 1, electricity
resistance, torment resistance 1, petrification resistance
a: Convert to Beogh


You were on level 4 of the Dungeon.
You visited 1 branch of the dungeon, and saw 4 of its levels.
You also visited: Sewer.

You collected 116 gold pieces.

Inventory:

Hand Weapons
 a - a +0 vampiric flail (weapon)
Missiles
 o - 3 curare-tipped darts (quivered)
Armour
 b - a +0 scale mail (worn)
 c - a +0 buckler (worn)
 f - a +0 cloak (worn)
Jewellery
 j - an amulet of reflection (around neck)
Wands
 q - a wand of roots (5)
Scrolls
 g - a scroll of revelation
 i - a scroll of enchant armour {unknown}
 k - 2 scrolls of brand weapon
 n - a scroll of immolation
 r - a scroll of vulnerability
Potions
 d - a potion of might
 e - 4 potions of curing
 h - a potion of cancellation
 m - 5 potions of heal wounds


   Skills:
 + Level 4.9 Fighting
 + Level 3.8 Maces & Flails
 + Level 4.8 Armour
 + Level 4.9 Shields


You had 5 spell levels left.
You didn't know any spells.
Your spell library contained the following spells:

 Spells                   Type           Power      Damage    Failure   Level
 Apportation              Tloc           0%         N/A       78%         1
 Summon Small Mammal      Summ           0%         N/A       78%         1
 Jinxbite                 Hex            0%         N/A       89%         2
 Call Canine Familiar     Summ           0%         N/A       98%         3
 Summon Blazeheart Golem  Fire/Summ      0%         N/A       100%        4
 Alistair's Intoxication  Alch           0%         N/A       100%        5


Dungeon Overview and Level Annotations

Branches:
Dungeon (4/15)              Sewer (visited)
 Temple: D:4-7

Altars:


Innate Abilities, Weirdness & Mutations

You are immune to sickness and miasma.
Your stone body is resilient. (AC +4)
You are immune to poison.
You resist negative energy. (rN+)
You are resistant to electric shocks. (rElec)
You are resistant to unholy torment.
You are immune to petrification.


Message History

Beogh smites you!
The orc priest calls down the wrath of Beogh upon you.
Pain shoots through your body!
* * * LOW HITPOINT WARNING * * *
You block the orc's attack.
The orc priest threatens, "Beogh's wrath is as vast as their mercy.
Make your choice!" (press Y on the ability menu to convert to Beogh)
The orc wizard gestures wildly while chanting.
The orc wizard flickers and vanishes!
Deactivating autopickup; reactivate with Ctrl-A.
The orc unwields a +0 short sword.
The orc wields a +0 sling.
The orc shoots a sling bullet.
The sling bullet hits you but does no damage.
The orc throws a poisoned dart.
You block the poisoned dart with an invisible shield... and reflect it back!
The poisoned dart hits the orc!
The orc is poisoned.
The orc shoots a sling bullet.
You block the sling bullet with an invisible shield... and reflect it back!
The sling bullet closely misses the orc.
The orc throws a poisoned dart.
The poisoned dart hits you!
The orc priest invokes the aid of Beogh against you.
Beogh smites you!
* * * LOW HITPOINT WARNING * * *
The orc priest calls upon Beogh to heal the orc.
The orc's wounds heal themselves!
The orc throws a poisoned dart.
You block the poisoned dart with an invisible shield... and reflect it back!
The poisoned dart misses the orc.
The poisoned dart hits the orc priest!
The orc priest is poisoned.
The orc priest calls down the wrath of Beogh upon you.
You barely resist.
The orc priest looks encouraged for a moment.
The orc throws a poisoned dart.
The poisoned dart barely misses you.
The orc throws a poisoned dart.
You block the poisoned dart with an invisible shield... and reflect it back!
The poisoned dart barely misses the orc.
The orc priest calls upon Beogh to heal something.
The orc priest mumbles some strange prayers to Beogh against you.
Beogh smites you!
You die...

#...........+................#...
#....#....>.#...........÷<...#...
.....#......#...........÷....#...
.....#......#................#...
.....#......#................#...
#....####...##..###.####.##..##..
#########...###+###.####.##..##..
#....................#....#......
...........o....@...?#....+......
........o............#....#......
###..o###....##.##.###.########..
#o..###....##.##.###.########..
........o...........'......#.....
....................#......#.....
.########'##.#########'#########.
#..##.# #...###.##.###.##.
+....#.. #...............#.


You could see an orc priest.

Vanquished Creatures
  A crocodile (Sewer)
  Jessica (D:3)
  An iguana (D:4)
  Ijyb (D:3)
  3 gnolls (D:3)
  3 adders
  5 river rats
  A ribbon worm (D:3)
  4 dart slugs
  12 ball pythons
  5 endoplasms
  4 giant cockroaches
  2 goblins
  A hobgoblin (D:2)
  6 jackals
  9 kobolds
  2 quokkas
  7 bats
  3 frilled lizards (Sewer)
  16 rats
87 creatures vanquished.

Vanquished Creatures (others)
  A kobold brigand (Sewer)
1 creature vanquished.

Grand Total: 88 creatures vanquished

Notes
Turn   | Place    | Note
-------+----------+-------------------------------------------
     0 | D:1      | Dittersdorf the Gargoyle Fighter began the quest for the
                  | Orb.
     0 | D:1      | Reached XP level 1. HP: 14/14 MP: 1/1
    79 | D:1      | Reached XP level 2. HP: 17/19 MP: 2/2
   232 | D:1      | Reached XP level 3. HP: 19/23 MP: 3/3
   270 | D:1      | Found a faded altar of an unknown god.
  1363 | D:3      | Reached XP level 4. HP: 21/29 MP: 4/4
  1384 | D:3      | Found a glowing drain.
  1402 | Sewer    | Entered a sewer
  1493 | Sewer    | Reached XP level 5. HP: 19/33 MP: 5/5
  1627 | Sewer    | Noticed a crocodile
  1647 | Sewer    | HP: 1/33 [crocodile (10)]
  1651 | Sewer    | Killed a crocodile
  1652 | Sewer    | Reached XP level 6. HP: 7/39 MP: 6/6
  2143 | D:3      | Noticed Jessica
  2147 | D:3      | Killed Jessica
  2200 | D:3      | Noticed Ijyb
  2209 | D:3      | Killed Ijyb
  3032 | D:4      | Killed from afar by an orc priest

Illustrated notes

Levels and vault maps discovered:
D:1:      onia_arrival_pyramid, layout_rooms,
          hellmonk_ecumenical_altar_pennies_from_heaven, hex_intersection,
          kennysheep_nondescript, minivault_5
D:2:      layout_rooms, serial_bayou_pond_d
D:3:      minmay_wonky_spiral, layout_loops_ring, portal_sewer_entry_c,
          minmay_misc_feat_doors, uniq_jessica, uniq_ijyb
D:4:      layout_gridville

Skill      XL: |  1  2  3  4 |
---------------+-------------+-----
Shields        | 4 |  4.9
Fighting       | 4 |  4.9
Armour         | 4 |  4.8
Maces & Flails | 3 |  3.8

Action                     |  1- 3 |  4- 6 || total
---------------------------+-------+-------++-------
  Melee: Flail             |   106 |   211 ||   317
    Use: Scroll            |     8 |     5 ||    13
 Armour: Scale mail        |    96 |   154 ||   250
  Dodge: Dodged            |    51 |    85 ||   136
  Block: Buckler           |    54 |   139 ||   193
         Reflection        |     2 |     8 ||    10

Table legend: (Time is in decaauts)
 A = Elapsed time spent in this place.
 B = Non-inter-level travel time spent in this place.
 C = Inter-level travel time spent in this place.
 D = Time resting spent in this place.
 E = Time spent auto-exploring this place.
 F = Levels seen in this place.
 G = Mean time per level.
                   A        B        C        D        E       F      G
               +--------+--------+--------+--------+--------+-----+--------+
         Total |   3211 |   3074 |    137 |    258 |   1934 |   5 |  642.2 |
       Dungeon |   2508 |   2371 |    137 |    110 |   1707 |   4 |  627.0 |
         Sewer |    703 |    703 |      0 |    148 |    227 |   1 |  703.0 |
               +--------+--------+--------+--------+--------+-----+--------+

Top non-repeatable levels by time:
     D:1: 770 daAuts
     D:3: 747 daAuts
   Sewer: 703 daAuts
     D:2: 626 daAuts
     D:4: 364 daAuts
